 Dungeon Crawl Stone Soup version 0.18-a0-987-g0b0e4e7 (webtiles) character file.

57832 Jmtri7 the Fighter (level 14, -23/133 HPs)
             Began as a Hill Orc Fighter on Jan 3, 2016.
             Was a High Priest of Beogh.
             Annihilated by a balrug
             ... wielding a +2 demon whip of venom
             ... summoned by a deep elf demonologist
              (27 damage)
             ... on level 1 of the Elven Halls.
             The game lasted 02:45:11 (24065 turns).

Jmtri7 the Fighter (Hill Orc Fighter)              Turns: 24065, Time: 02:45:11

Health: -23/133    AC: 22    Str: 24    XL:     14   Next: 87%
Magic:  14/14      EV: 14    Int: 15    God:    Beogh [*****.]
Gold:   286        SH:  2    Dex: 14    Spells: 0 memorised, 13 levels left

rFire  . . .     SeeInvis .     t - +8 long sword of Zin's Benevolence {elec, *Confuse Int+7 Dex+4}
rCold  + . .     Gourm    .     P - +1 scale mail of the Sky {+Inv rElec rF+}
rNeg   + + .     Faith    .     (no shield)
rPois  +         Spirit   .     (no helmet)
rElec  +         Dismiss  .     C - +2 cloak
rCorr  .         Reflect  +     g - +1 pair of gloves
SustAt .         Harm     .     k - +2 pair of boots {Stlth+}
MR     +....                    l - +2 amulet of reflection
Stlth  +.........               d - +4 ring of evasion
                                H - ring of Goetiz {Ice rPois rN++}

@: lethally poisoned (-23 -> -28), about to teleport, somewhat resistant to
hostile enchantments, very unstealthy
A: walk on water, MP-powered wands
a: Smiting, Recall Orcish Followers, Give Item to Named Follower, Renounce
Religion, Evoke Invisibility


You were on level 1 of the Elven Halls.
You worshipped Beogh.
Beogh was extremely pleased with you.
You were near starving.

You visited 6 branches of the dungeon, and saw 21 of its levels.

You collected 1506 gold pieces.
You spent 1220 gold pieces at shops.

Inventory:

Hand Weapons
 m - the +1 dagger of the Hills {pierce, +Fly Str+2}
   (You found it on level 11 of the Dungeon)

   It inflicts extra damage upon your enemies.
   It affects your strength (+2).
   It lets you fly.
 t - the +8 long sword of Zin's Benevolence (weapon) {elec, *Confuse Int+7 Dex+4}
   (You found it on level 4 of the Dungeon)

   Occasionally, upon striking a foe, it will discharge some electrical energy
   and cause terrible harm.
   It affects your intelligence (+7).
   It affects your dexterity (+4).
   It may confuse you when you take damage.
 E - a +1 great mace of crushing
 N - a +1 halberd of chopping
Armour
 g - a +1 pair of gloves (worn)
 k - a +2 pair of boots of stealth (worn)
 o - a +2 plate armour of cold resistance
 v - the +3 leather armour of Wrong Decisions {rF++ Regen+ Str+2 Dex-2}
   (You bought it in a shop on level 2 of the Orcish Mines)

   It affects your strength (+2).
   It affects your dexterity (-2).
   It greatly protects you from fire.
   It increases your rate of regeneration.
 C - a +2 cloak (worn)
 F - the +2 large shield "Ykkonn" {rCorr Int+3}
   (You found it on level 6 of the Dungeon)

   It affects your intelligence (+3).
   It protects you from acid and corrosion.
 P - the +1 scale mail of the Sky (worn) {+Inv rElec rF+}
   (You found it on level 10 of the Dungeon)

   It protects you from fire.
   It insulates you from electricity.
   It lets you turn invisible.
 Z - a +2 plate armour of fire resistance
Jewellery
 d - a +4 ring of evasion (right hand)
 j - an uncursed ring of positive energy
 l - a +2 amulet of reflection (around neck)
 r - an uncursed ring of fire
 u - an uncursed ring of see invisible
 B - an uncursed ring of magical power
 H - the ring of Goetiz (left hand) {Ice rPois rN++}
   (You found it on level 9 of the Dungeon)

   [ring of ice]

   It enhances your ice magic, and weakens your fire magic.
   It makes you vulnerable to fire.
   It protects you from cold.
   It protects you from poison.
   It greatly protects you from negative energy.
 I - an uncursed ring of poison resistance
 S - an uncursed ring of protection from magic
Wands
 a - a wand of paralysis (5/24)
 i - a wand of slowing (33/48)
 w - a wand of fireball (4/15)
 x - a wand of teleportation (0/9)
 z - a wand of confusion (24/48)
 L - a wand of random effects (20/48)
 W - a wand of draining (5/15)
Scrolls
 h - 11 scrolls of identify
 q - a scroll of recharging
 D - 2 scrolls of remove curse
 G - 2 scrolls of teleportation
 Q - 4 scrolls of magic mapping
 X - 3 scrolls of fog
 Y - a scroll of holy word
Potions
 b - a potion of cure mutation
 e - 3 potions of cancellation
 n - a potion of ambrosia
 A - 5 potions of curing
 M - a potion of agility
 T - a potion of beneficial mutation
Miscellaneous
 p - a plain deck of changes {drawn: 2}
Comestibles
 s - 4 bread rations
 J - 4 beef jerkies
 K - 7 slices of pizza
 O - 4 fruits
 U - 2 meat rations


   Skills:
 + Level 14.7 Fighting
 + Level 14.0 Long Blades
   Level 2.6 Axes
 + Level 14.1 Armour
 + Level 14.1 Shields


You had 13 spell levels left.
You didn't know any spells.

Dungeon Overview and Level Annotations

Branches:
Dungeon (15/15)            Temple (1/1) D:4            Lair (1/8) D:11
    Orc (2/2) D:12            Elf (1/3) Orc:2        Vaults (0/5) D:14
 Depths (1/5) D:15

Altars:
Ashenzari
Cheibriados
Elyvilon
Fedhas
Gozag
Kikubaaqudgha
Makhleb
Nemelex Xobeh
Pakellas
Qazlal
Ru
Sif Muna
Vehumet
Xom
Yredelemnul
Zin
The Shining One
Beogh

Shops:
D:5 *   D:10 ?   Orc:2 [*:(}

Portals:
Hell: Depths:1
Trove: D:15 (give 12 potions of heal wounds)


Innate Abilities, Weirdness & Mutations

You can walk on water.
You expend magic power (3 MP) to strengthen your wands.


Message History

The hog is heavily wounded.
You feel sick.
You hear a shout!
The hog bites you but does no damage.
Your orc warrior seems to slow down.
The orc sorcerer hits you but does no damage.
Your orc warrior closely misses something.
Your orc warrior hits the deep elf demonologist with a battleaxe!
Your orc warrior completely misses something.
The deep elf demonologist hits Bogwik with a long sword of holy wrath.
A fire elemental comes into view.
You hit the hog.
There is a sudden explosion of sparks!
You kill the hog!
Beogh accepts your kill.
The hog's shape twists and changes as it dies.
You feel sick.
The balrug hits you with a demon whip of venom!!
* * * LOW HITPOINT WARNING * * *
You are engulfed in flames!!
You die...

#oo#o.#...# ....+
#.o#o.#...# ....#
#..#oo#.).##§..#
#o.#oo#.2oeE#### ####
o..#.oo..oo#4..###...##
#..#..#..o#.3...#.....#
####..#...#..(..#.....#
......#...#...E2#o....#
......#...##...#@#
#######....#####†#
............ ...
............. .....
....... ....... #######
#+####### .. .. .. ..


You could see a balrug, a deep elf demonologist, an earth elemental, a fire
elemental, a neqoxec, an orc sorcerer, a red devil, 2 friendly orc warriors and
the friendly Bogwik the orc warrior.

Vanquished Creatures
  2 orc warlords (Orc:1)
  A stone giant (Orc:1)
  A very ugly thing (D:14)
  An ettin (D:15)
  2 vault guards (D:14)
  2 hydras
  A death knight (D:12)
  A centaur warrior (D:15)
  A dancing weapon (Elf:1)
  2 ogre magi (D:15)
  2 orc high priests
  A slime creature (D:12)
  4 unseen horrors
  A deep troll (D:15)
  The ghost of Jmtri7 the Fighter, a novice HOBe of Beogh (D:6)
  7 hill giants
  A necromancer (D:15)
  A wolf spider zombie (D:15)
  3 orc knights
  2 deep elf archers (Elf:1)
  6 ugly things
  2 manticores
  3 orc sorcerers
  A deep elf mage (D:12)
  2 cyclopes
  A centaur zombie (D:13)
  Joseph (D:8)
  3 gargoyles
  2 komodo dragons (Lair:1)
  A redback zombie (D:13)
  2 kobold demonologists (D:15)
  A freezing wraith (D:14)
  A tengu conjurer (D:15)
  13 trolls
  3 two-headed ogres
  The ghost of smeego the Changer, an amateur OpTm (D:5)
  A wyvern (D:11)
  2 shadows
  A human (D:9)
  8 yaks
  A hog (shapeshifter) (Elf:1)
  A human (shapeshifter) (Elf:1)
  7 hippogriffs
  A hungry ghost (D:11)
  2 mottled dragons
  7 vampire mosquitoes
  A soldier ant (D:13)
  8 wargs
  A porcupine (Lair:1)
  An eye of draining (D:12)
  A swamp drake (D:12)
  6 sky beasts
  21 orc warriors
  2 black bears
  2 phantoms
  4 ice beasts
  A necrophage (D:6)
  18 ogres
  5 centaurs
  5 crocodiles
  5 big kobolds
  13 giant frogs
  An earth elemental (Elf:1)
  A wyvern skeleton (D:13)
  4 scorpions
  4 killer bees
  A water moccasin skeleton (D:12)
  3 vampire bats (D:3)
  3 wights (D:10)
  2 electric eels (D:9)
  6 crimson imps
  A quasit (D:9)
  2 wasp zombies
  A giant frog zombie (D:12)
  3 hounds
  5 jellies
  3 giant frog skeletons
  6 orc priests
  2 centaur skeletons
  5 iguanas
  6 orc wizards
  8 worker ants
  A killer bee zombie (D:9)
  2 sheep (D:9)
  2 worker ant zombies
  5 gnolls
  11 adders
  20 river rats
  4 shadow imps
  3 worms
  4 giant geckos
  41 orcs
  A ball python (D:1)
  6 bats
  3 bat skeletons (D:3)
  3 bat zombies (D:3)
  3 giant cockroaches
  3 goblins
  6 hobgoblins
  15 jackals
  7 quokkas
  A giant gecko skeleton (D:5)
  A giant gecko zombie (D:5)
  3 giant newts
  14 kobolds
  A quokka skeleton (D:4)
  A quokka zombie (D:5)
  13 rats
446 creatures vanquished.

Vanquished Creatures (collateral kills)
  2 vault guards (D:14)
  A hydra (D:14)
  A centaur warrior (D:15)
  A tengu warrior (D:15)
  An orc high priest (Orc:2)
  An orange crystal statue (D:15)
  2 hill giants
  An orc knight (Orc:2)
  An orc sorcerer (Orc:2)
  2 cyclopes
  A griffon (D:15)
  3 deep elf magi
  A manticore (D:15)
  2 ugly things (D:14)
  A water nymph (shapeshifter) (D:14)
  A troll (Orc:2)
  2 orc warriors (Orc:2)
  A jumping spider (shapeshifter) (D:14)
  3 yaks (D:14)
  A shadow (D:14)
  2 vampire mosquitoes (D:15)
  A hippogriff (D:15)
  2 wargs (Orc:2)
  An ice beast (D:15)
  A sky beast (D:15)
  4 ogres
  A centaur (D:15)
  A crocodile (D:15)
  A crimson imp (D:14)
  3 orc wizards
  5 orcs
  5 fungi (Orc:2)
56 creatures vanquished.

Vanquished Creatures (others)
  A centaur warrior (D:13)
  2 orc high priests
  4 orc knights
  4 orc sorcerers
  9 orc warriors
  3 centaurs (D:13)
  6 orc wizards
  6 orc priests
  28 orcs
  A quokka (D:4)
  A kobold (D:15)
  A rat (D:11)
  11 fungi
  7 plants
84 creatures vanquished.

Grand Total: 586 creatures vanquished

Notes
Turn   | Place    | Note
--------------------------------------------------------------
     0 | D:1      | Jmtri7 the Hill Orc Fighter began the quest for the Orb.
     0 | D:1      | Reached XP level 1. HP: 19/19 MP: 1/1
   424 | D:1      | Reached XP level 2. HP: 22/27 MP: 2/2
   793 | D:1      | Reached skill level 4 in Armour
  1035 | D:2      | Found a basalt altar of Yredelemnul.
  1142 | D:2      | Reached XP level 3. HP: 33/33 MP: 3/3
  1340 | D:2      | Found an oddly glowing altar of Pakellas.
  1383 | D:2      | Found a glowing silver altar of Zin.
  1645 | D:3      | Reached XP level 4. HP: 36/40 MP: 4/4
  1714 | D:3      | Found an ancient bone altar of Kikubaaqudgha.
  1744 | D:3      | Reached skill level 5 in Armour
  1744 | D:3      | Reached XP level 5. HP: 43/47 MP: 5/5
  1819 | D:3      | Found a blossoming altar of Fedhas.
  2416 | D:4      | Found a white marble altar of Elyvilon.
  2460 | D:4      | Reached XP level 6. HP: 55/55 MP: 6/6
  2496 | D:4      | Found a glowing golden altar of the Shining One.
  2577 | D:4      | Found a staircase to the Ecumenical Temple.
  2583 | Temple   | Entered the Ecumenical Temple
  2629 | D:4      | Got a steaming long sword
  2630 | D:4      | Identified the +8 long sword of Zin's Benevolence {elec, *Confuse Int+7 Dex+4} (You found it on level 4 of the Dungeon)
  2644 | D:4      | Found a sparkling altar of Nemelex Xobeh.
  2704 | D:4      | Found a snail-covered altar of Cheibriados.
  3061 | D:4      | Reached skill level 5 in Fighting
  3061 | D:4      | Reached skill level 6 in Armour
  3214 | D:5      | Entered Level 5 of the Dungeon
  3214 | D:5      | Noticed smeego's ghost (amateur OpTm)
  3230 | D:5      | Killed smeego's ghost
  3230 | D:5      | Reached skill level 5 in Shields
  3230 | D:5      | Reached XP level 7. HP: 40/61 MP: 7/7
  3463 | D:5      | Found a shimmering altar of Xom.
  3485 | D:5      | Found a shimmering altar of Xom.
  3499 | D:5      | Reached skill level 7 in Armour
  3533 | D:5      | Reached XP level 8. HP: 14/70 MP: 8/8
  3924 | D:5      | Found Pepis's Assorted Antiques.
  3932 | D:5      | Bought a silver ring for 120 gold pieces
  4129 | D:6      | Got a twisted large shield
  4140 | D:6      | Identified the +2 large shield "Ykkonn" {rCorr Int+3} (You found it on level 6 of the Dungeon)
  4250 | D:6      | Noticed Jmtri7's ghost (novice HOBe)
  4260 | D:6      | Killed Jmtri7's ghost
  4260 | D:6      | Reached skill level 8 in Armour
  4835 | D:7      | Reached XP level 9. HP: 64/79 MP: 9/9
  5122 | D:7      | Found a deep blue altar of Sif Muna.
  5461 | D:7      | Reached skill level 9 in Armour
  5592 | D:8      | Found a stormy altar of Qazlal.
  6063 | D:8      | Noticed Joseph
  6074 | D:8      | Killed Joseph
  6103 | D:9      | Got a translucent bronze ring
  6106 | D:9      | Identified the ring of Goetiz {Ice rPois rN++} (You found it on level 9 of the Dungeon)
  6243 | D:9      | Reached XP level 10. HP: 91/91 MP: 10/10
  6279 | D:9      | Reached skill level 10 in Fighting
  6442 | D:9      | Reached skill level 10 in Shields
  6464 | D:9      | Reached skill level 10 in Armour
  6527 | D:9      | HP: 3/93 [troll (6)]
  6529 | D:9      | HP: 1/93 [giant frog (2)]
  6563 | D:10     | Entered Level 10 of the Dungeon
  7793 | D:10     | Noticed a hill giant
  7805 | D:10     | Killed a hill giant
  8139 | D:10     | Reached skill level 11 in Fighting
  8429 | D:10     | Got a crude scale mail
  8440 | D:10     | Identified the +1 scale mail of the Sky {+Inv rElec rF+} (You found it on level 10 of the Dungeon)
  8461 | D:10     | Found Nuthutij's Food Shop.
  8731 | D:10     | Reached XP level 11. HP: 102/102 MP: 11/11
  8880 | D:10     | Noticed a hill giant
  8887 | D:10     | Killed a hill giant
  8907 | D:10     | Found Kafeaps's Magic Scroll Shoppe.
  8915 | D:10     | Bought a scroll of magic mapping for 52 gold pieces
  8915 | D:10     | Bought a scroll of magic mapping for 52 gold pieces
  9158 | D:11     | Noticed a hill giant
  9169 | D:11     | Killed a hill giant
  9478 | D:11     | Found a staircase to the Lair.
  9500 | Lair:1   | Entered Level 1 of the Lair of Beasts
  9975 | D:11     | Reached skill level 12 in Fighting
 10034 | D:11     | Killed an unseen horror
 10161 | D:11     | Became a worshipper of Beogh the Brigand
 10383 | D:11     | Found a sacrificial altar of Ru.
 10454 | D:11     | Got a crude dagger
 10455 | D:11     | Identified the +1 dagger of the Hills {pierce, +Fly Str+2} (You found it on level 11 of the Dungeon)
 10577 | D:11     | Noticed a green ugly thing
 10591 | D:11     | Killed a green ugly thing
 10620 | D:10     | Bought a meat ration for 60 gold pieces
 10620 | D:10     | Bought a bread ration for 60 gold pieces
 10620 | D:10     | Bought a meat ration for 60 gold pieces
 10620 | D:10     | Bought a bread ration for 60 gold pieces
 10620 | D:10     | Bought a beef jerky for 18 gold pieces
 10737 | D:12     | Noticed a death knight
 10762 | D:12     | Killed a death knight
 10991 | D:12     | Reached * piety under Beogh
 11320 | D:12     | Noticed a deep elf mage
 11332 | D:12     | Noticed a sixfirhy
 11342 | D:12     | Noticed a soul eater
 11369 | D:12     | Killed a deep elf mage
 11369 | D:12     | Reached XP level 12. HP: 70/113 MP: 12/12
 11664 | D:12     | Found a staircase to the Orcish Mines.
 11730 | Orc:1    | Entered Level 1 of the Orcish Mines
 11759 | Orc:1    | Found a roughly hewn altar of Beogh.
 11847 | Orc:1    | Noticed a stone giant
 11857 | Orc:1    | Killed a stone giant
 11857 | Orc:1    | Reached skill level 13 in Fighting
 12333 | Orc:1    | Noticed an orc warlord
 12368 | Orc:1    | Killed an orc warlord
 12476 | Orc:1    | Reached ** piety under Beogh
 13995 | Orc:2    | Entered Level 2 of the Orcish Mines
 14035 | Orc:2    | Found Qiczi's Book Shop.
 14035 | Orc:2    | Noticed an orc warlord
 14036 | Orc:2    | Paralysed by an orc sorcerer for 7 turns
 14061 | Orc:2    | Found Pyos's General Store.
 14515 | Lair:1   | Reached skill level 1 in Long Blades
 14851 | Lair:1   | Reached *** piety under Beogh
 15376 | D:13     | Reached skill level 5 in Long Blades
 15520 | D:13     | Noticed a centaur warrior
 15527 | D:13     | Killed a centaur warrior
 15527 | D:13     | Reached XP level 13. HP: 118/123 MP: 13/13
 17174 | D:14     | Noticed a vault guard
 17176 | D:14     | Noticed a vault guard
 17179 | D:14     | Noticed a vault guard
 17302 | D:14     | Reached skill level 10 in Long Blades
 17321 | D:15     | Entered Level 15 of the Dungeon
 17624 | D:15     | Reached **** piety under Beogh
 17905 | D:15     | Gained Nordag as an ally
 17959 | D:14     | Killed a vault guard
 17972 | D:14     | Found a gate to the Vaults.
 17986 | D:14     | Killed a vault guard
 18069 | D:14     | Noticed a vault guard
 18076 | D:14     | Killed a vault guard
 18195 | D:14     | Killed a vault guard
 18695 | D:14     | Noticed a white very ugly thing
 18700 | D:14     | Gained mutation: You expend magic power (3 MP) to strengthen your wands. [helix card]
 18708 | D:14     | Killed a white very ugly thing
 18720 | D:14     | Reached XP level 14. HP: 40/130 MP: 14/14
 19612 | D:15     | Found a shattered altar of Ashenzari.
 19725 | D:15     | Found a portal to a secret trove of treasure.
 19876 | D:15     | Gained Wargrak as an ally
 19899 | D:15     | Reached skill level 14 in Fighting
 19954 | D:15     | Found a staircase to the Depths.
 20393 | D:15     | Your ally Wargrak died
 20846 | Depths:1 | Entered Level 1 of the Depths
 20846 | Depths:1 | Found a gateway to Hell.
 21125 | Orc:2    | Your ally Nordag died
 21129 | Orc:1    | Killed an orc warlord
 21577 | Orc:1    | Paralysed by an orc sorcerer for 5 turns
 21879 | Orc:2    | Paralysed by an orc sorcerer for 5 turns
 22166 | Orc:2    | Paralysed by an orc sorcerer for 4 turns
 22189 | Orc:1    | Paralysed by an orc sorcerer for 6 turns
 22539 | Orc:1    | Reached ***** piety under Beogh
 22669 | Orc:2    | Found a staircase to the Elven Halls.
 23147 | Orc:2    | Found Jiskaoco's Antique Weapon Shoppe.
 23215 | Orc:2    | Found Fyakol's Gadget Shoppe.
 23276 | Elf:1    | Entered Level 1 of the Elven Halls
 23303 | Orc:2    | Found Haluumyu's Antique Armour Emporium.
 23350 | Orc:2    | Bought a pair of glowing boots for 94 gold pieces
 23355 | Orc:2    | Bought a smelly leather armour for 147 gold pieces
 23365 | Orc:2    | Identified the +3 leather armour of Wrong Decisions {rF++ Regen+ Str+2 Dex-2} (You bought it in a shop on level 2 of the Orcish Mines)
 23459 | Orc:2    | Gained Bogwik as an ally
 23463 | Orc:2    | Found a roughly hewn altar of Beogh.
 23739 | Orc:2    | Bought Oguaset's Almanac of Shape Shifting for 497 gold pieces
 24048 | Elf:1    | Noticed a deep elf demonologist
 24052 | Elf:1    | Noticed a balrug
 24065 | Elf:1    | HP: 4/133 [balrug/demon whip of venom[a deep elf demonologist] (18)]
 24065 | Elf:1    | Annihilated by a balrug

Vault maps used:
D:1:      mrwooster_arrival_statue
D:2:      lemuel_crystal_altar, yredelemnul_altar_generic, grunt_pakellas_sulfur
D:3:      kennysheep_vampire_church, first_bread, fedhas_altar_4
D:4:      elyvilon_altar_4, nemelex_deck, cheibriados_altar_1, temple_green,
          nicolae_tso_swordbearing_angel
D:5:      xom_redecorated, serial_shops,
          nicolae_shop_temple_entry_statues_fountains, serial_curves,
          eino_curves_01, eino_curves_01, hangedman_glass_teeth,
          minmay_misc_feat_iff
D:7:      led_sif_pool
D:8:      nicolae_overflow_crystal_walls, uniq_joseph
D:9:      grunt_livestock, serial_bayou_lake_a
D:10:     serial_shops, kennysheep_mini_moat, nicolae_shop_crystal,
          eino_curves_03
D:11:     grunt_lair_entry_orc_guard_hut, basic_altar, serial_glass,
          glass_columns_a, glass_columns_a, glass_columns_c, glass_columns_a,
          glass_columns_a, glass_columns_b, item_on_display_a,
          item_on_display_a, feat_on_display
D:12:     erik_orc_1
D:14:     lightli_vaults_fourway_checkpoint, serial_curves, eino_curves_03,
          eino_curves_02, eino_curves_01, eino_curves_04,
          portal_ice_cave_entry_ugly_swarm
D:15:     hangedman_depths_entry_civil_slaughter, nicolae_trove_entry_columns,
          minivault_16, lemuel_statue_altar
Temple:   circular_temple_12
Lair:1:   minivault_23, lemuel_fruit_tree
Orc:1:    basic_altar, nicolae_orc_damp_corner
Orc:2:    grunt_orc_gardens, grunt_orc_garden, grunt_orc_garden,
          grunt_orc_garden, grunt_orc_garden, serial_shops, shop,
          bh_open_orc_temple
Elf:1:    kennysheep_room_grid, kennysheep_underground_church,
          lemuel_flamethrower_3
Depths:1: hell_entry, kennysheep_generic_room_8

Action                   |  1- 3 |  4- 6 |  7- 9 | 10-12 | 13-15 || total
-------------------------+-------+-------+-------+-------+-------++-------
Melee: War axe           |    49 |    66 |       |       |       ||   115
       Whip              |    31 |       |       |       |       ||    31
       Long sword        |       |    26 |   175 |   757 |   646 ||  1604
Invok: Convert to Beogh  |       |       |       |     1 |       ||     1
       Give Item to Name |       |       |       |       |     1 ||     1
 Abil: Evoke Invisibilit |       |       |       |       |     1 ||     1
Evoke: Deck              |       |       |       |     6 |     2 ||     8
       Wand              |       |       |       |     1 |     1 ||     2
  Use: Scroll            |     6 |     5 |    10 |     9 |    11 ||    41
       Potion            |       |     3 |     1 |     9 |     5 ||    18
 Stab: Distracted        |       |       |       |       |     3 ||     3
  Eat: Bread ration      |     1 |     1 |     1 |     2 |     4 ||     9
       Pizza             |       |       |     2 |     1 |       ||     3
       Fruit             |       |       |       |     6 |    11 ||    17
       Meat ration       |       |       |       |     5 |       ||     5
       Royal jelly       |       |       |       |     2 |       ||     2
       Beef jerky        |       |       |       |     1 |       ||     1
